AoeStats
← Hekyro🖤.-

Nomad

509650996Analyzed
2v2 RM · 3d ago on Sep 27, 2026· 32m 40s· 4 players
Game mode
Random Map
Map size
176×176
Population
200
Speed
Normal
Resources
Standard
Victory
Conquest
Starting age
Dark Age
Ending age
Imperial Age
RankedLock teamsTeams togetherTeam positionsShared explorationLock speedFull tech treeHidden civsTurbo modeCheats
Victory
Defeat
🇵🇪 Bohemians · Peru
1155
+13
🇵🇪 Vietnamese · Peru
1103
+15
🇨🇦 Vikings · Canada
1092
-14
🇨🇦 Danes · Canada
1090
-14
luckyjj
10:00 Loom
10:57 Loom
14:22 Feudal Age
17:21 Stone Mining
19:41 Double-Bit Axe
21:18 Fletching
Painkiller
10:15 Loom
15:36 Feudal Age
17:12 Double-Bit Axe
18:51 Gold Mining
31:23 Castle Age
29:26 Fletching
29:47 Scale Barding Armor
29:53 Forging
Sargento Pimienta
5:10 Loom
11:53 Feudal Age
12:42 Double-Bit Axe
12:49 Stone Mining
12:57 Town Watch
14:59 Fletching
15:54 Horse Collar
20:09 Man-at-Arms
21:42 Wheelbarrow
21:21 Forging
22:23 Gold Mining
25:00 Scale Mail Armor
29:20 Castle Age
28:13 Scale Barding Armor
29:53 Bloodlines
30:42 Iron Casting
30:19 Bow Saw
30:10 Heavy Plow
30:45 Hand Cart
31:19 Chain Barding Armor
32:54 Town Patrol
Hekyro🖤.-
3:31 Loom
13:15 Feudal Age
14:46 Wheelbarrow
19:43 Castle Age
31:08 Double-Bit Axe
Connection lost

Rejoining the realm…

Still unreachable

The connection could not be restored.

Session expired

The server has moved on; the page needs a fresh start.